 Dungeon Crawl Stone Soup version 0.29.1-12-g30fa7ad0bf (webtiles) character file.

Game seed: 11391831472422205608

3700 hawla the Thaumaturge (level 10, -3/77 HPs)
             Began as a Meteoran Fire Elementalist on Jan 10, 2023.
             Was a Believer of Vehumet.
             Slain by a red devil
             ... wielding a +0 trident
             ... summoned by a kobold demonologist
              (18 damage)
             ... on level 9 of the Dungeon.
             The game lasted 00:17:32 (3428 turns).

hawla the Thaumaturge (Meteoran Fire Elementalist)  Turns: 3428, Time: 00:17:33

Health: -3/77      AC: 12    Str:  9    XL:     10   Next: 61%
Magic:  14/24      EV: 14    Int: 23    God:    Vehumet [**....]
Gold:   541        SH:  0    Dex: 14    Spells: 20/27 levels left

rFire   . . .      SeeInvis +   j - +3 long sword (holy)
rCold   . . .      Faith    .   (no shield)
rNeg    . . .      Spirit   .   a - +1 robe
rPois   .          Reflect  .   r - +2 helmet {SInv}
rElec   .          Harm     .   d - +1 cloak
rCorr   .          Rampage  .   l - +2 pair of gloves
Will    +....                   n - +0 pair of boots
Stlth   +.........              e - amulet of regeneration
HPRegen 1.02/turn               (no ring)
MPRegen 0.19/turn               (no ring)

@: spiked, glowing
A: sense surroundings 2, otherworldly, glowing, explore regen
a: Renounce Religion


You were on level 9 of the Dungeon.
You worshipped Vehumet.
Vehumet was pleased with you.
You visited 2 branches of the dungeon, and saw 10 of its levels.
You also visited: Ossuary.

You collected 541 gold pieces.

Inventory:

Hand Weapons
 j - a +3 long sword of holy wrath (weapon)
Armour
 a - a +1 robe (worn)
 d - a +1 cloak (worn)
 l - a +2 pair of gloves (worn)
 n - a +0 pair of boots (worn)
 r - a +2 helmet of see invisible (worn)
Jewellery
 e - an amulet of regeneration (around neck)
Wands
 h - a wand of iceblast (16)
 k - a wand of flame (14)
 m - a wand of light (13) (quivered)
 u - a wand of charming (15)
Scrolls
 g - 2 scrolls of fear
 o - 2 scrolls of teleportation
 q - a scroll of poison
 v - a scroll of blinking {unknown}
Potions
 b - 3 potions of magic
 c - 3 potions of haste
 f - 2 potions of invisibility
 i - a potion of curing
 p - a potion of berserk rage
 s - 2 potions of ambrosia
 t - 2 potions of attraction {unknown}
 w - 2 potions of flight {unknown}
 x - 3 potions of mutation {unknown}
 C - a potion of resistance {unknown}


   Skills:
 + Level 3.2 Fighting
 + Level 6.2 Long Blades
 + Level 5.7 Dodging
 - Level 1.4 Stealth
 + Level 9.4 Spellcasting
 + Level 6.6 Conjurations
 + Level 9.2 Fire Magic
 + Level 3.0 Evocations


You had 20 spell levels left.
You knew the following spells:

 Your Spells              Type           Power      Damage    Failure   Level
a - Foxfire               Conj/Fire      100%       2x1d9     1%          1
b - Scorch                Fire           100%       2d10      1%          2
c - Flame Wave            Conj/Fire      47%        2d12      2%          4

Your spell library contained the following spells:

 Spells                   Type           Power      Damage    Failure   Level
 Static Discharge         Conj/Air       26%        3-7/arc   2%          2
 Conjure Flame            Conj/Fire      47%        6-21      1%          3
 Inner Flame              Hex/Fire       32%        N/A       2%          3
 Beastly Appendage        Tmut           20%        N/A       6%          1
 Ensorcelled Hibernation  Hex/Ice        20%        N/A       9%          2
 Passwall                 Tmut/Erth      8%         N/A       9%          2
 Wereblood                Tmut           10%        N/A       9%          2
 Spider Form              Tmut/Pois      10%        N/A       19%         3
 Swiftness                Air            10%        N/A       19%         3
 Blade Hands              Tmut           5%         N/A       86%         5
 Haunt                    Necr/Summ      5%         N/A       100%        7
 Necromutation            Tmut/Necr      5%         N/A       100%        8


Dungeon Overview and Level Annotations

Branches:
Dungeon (9/15) Zot: 2153     Lair (1/5) D:9 Zot: 557 Ossuary (visited)
 Temple: D:4-7          Orc: D:9-12

Altars:
Ashenzari
Trog
Vehumet
The Shining One

Annotations:
D:9 1 transporter


Innate Abilities, Weirdness & Mutations

You passively map the area around you.
You are easily found by Zot.
You glow in the dark.
You regain HP and MP as you explore.


Message History

The iron imp disappears in a puff of smoke!
The red devil hits you with a +0 trident.
* * * LOW HITPOINT WARNING * * *
Barbed spikes become lodged in your body.
The crimson imp blinks!
A wave of flame ripples out!
The flame wave engulfs the smoke demon.
The smoke demon resists.
The smoke demon is moderately wounded.
The flame wave engulfs the red devil.
The red devil completely resists.
The flame wave engulfs the crimson imp.
The crimson imp completely resists.
The flame wave engulfs the white imp!!
The white imp is burned terribly!
You kill the white imp!
The white imp disappears in a puff of smoke!
The flame wave engulfs the ufetubus!!
The ufetubus is burned terribly!
You kill the ufetubus!
The ufetubus disappears in a puff of smoke!
The flame wave engulfs the kobold demonologist!
The kobold demonologist is almost dead.
The flame wave engulfs the kobold demonologist!
The kobold demonologist is severely wounded.
The flame wave engulfs the kobold demonologist!
The kobold demonologist is severely wounded.
The flame wave engulfs the quasit.
The quasit resists.
The quasit is heavily wounded.
You finish channelling waves of flame.
The kobold demonologist casts a spell.
The smoke demon closely misses you.
The smoke demon hits you but does no damage. x2
The red devil closely misses you.
The barbs in your skin will harm you if you move.
Continue?
Okay, then.
You feel better.
The ufetubus is engulfed in a cloud of scalding steam.
The smoke demon barely misses you. The smoke demon hits you.
* * * LOW HITPOINT WARNING * * *
The smoke demon hits you.
* * * LOW HITPOINT WARNING * * *
The kobold demonologist is engulfed in a cloud of scalding steam.
The red devil hits you with a +0 trident!!
You die...

,, , #.# ####...# ,## *
######.# #......#
$..###......#########.##...#
*
##......................^...
#...##..###############.###.
* .....#..#8§#KKK.5..#~8#.#
#.
#.....#§.#§§§≈≈≈≈#.~#.###.
*#..##..#..#45§PP..#!$#.....
##.#..©#©.@35~⌠~..')©#©..##
#.....#..#§§~~~5.#?$#...#
#####.#§.#§§≈≈≈≈≈#.~#.#.#
#.#8§#§§5....#~8#.#.#
#.###############.#.##
#.....................
###########.#####..... #.#
#..... #.# #.....


You could see 3 kobold demonologists, a smoke demon (summoned), a red devil
(summoned), a crimson imp (summoned) and an ufetubus (summoned).

Vanquished Creatures
  An orc sorcerer (D:9)
  A kobold demonologist (D:9)
  4 yaks
  An acid dragon (D:9)
  A water moccasin (D:5)
  An orc warrior (D:8)
  An ice beast (D:7)
  4 centaurs
  2 phantoms
  2 kobold brigands (D:9)
  Blork the orc (D:4)
  A bullfrog (Lair:1)
  4 scorpions
  5 wights (D:8)
  5 killer bees (D:7)
  2 howler monkeys (D:8)
  3 orc priests
  2 hounds (D:5)
  A jelly (D:5)
  3 iguanas (D:4)
  2 orc wizards
  8 mummies (Ossuary)
  Robin (D:4)
  3 adders
  2 shadow imps
  A white imp (D:5)
  2 worms
  6 dart slugs
  17 orcs
  2 endoplasms (D:1)
  6 giant cockroaches
  2 gnoll zombies (Ossuary)
  14 goblins
  8 hobgoblins
  13 kobolds
  2 quokkas (D:4)
  8 ball pythons
  A bat (D:3)
  A frilled lizard (D:3)
  2 hobgoblin zombies (Ossuary)
  3 kobold zombies (Ossuary)
  An orc zombie (Ossuary)
  3 rats
153 creatures vanquished.

Vanquished Creatures (collateral kills)
  3 foxfires
3 creatures vanquished.

Vanquished Creatures (others)
  A kobold (D:9)
  168 foxfires
  8 plants (D:9)
177 creatures vanquished.

Grand Total: 333 creatures vanquished

Notes
Turn   | Place    | Note
-------+----------+-------------------------------------------
     0 | D:1      | hawla the Meteoran Fire Elementalist began the quest for
                  | the Orb.
     0 | D:1      | Reached XP level 1. HP: 14/14 MP: 5/5
    69 | D:1      | Got the Compendium of the Poles
    93 | D:1      | Reached XP level 2. HP: 20/20 MP: 3/6
    96 | D:1      | Learned a level 2 spell: Scorch
   335 | D:2      | Reached XP level 3. HP: 26/26 MP: 1/8
   446 | D:4      | Noticed a scorpion
   451 | D:4      | Killed a scorpion
   452 | D:4      | Reached XP level 4. HP: 30/33 MP: 4/11
   452 | D:4      | Reached XP level 5. HP: 34/38 MP: 4/12
   504 | D:4      | Reached skill level 5 in Fire Magic
   511 | D:4      | Noticed Robin
   526 | D:3      | Learned a level 4 spell: Flame Wave
   899 | D:4      | Killed Robin
   936 | D:5      | Entered Level 5 of the Dungeon
   948 | D:5      | Noticed a phantom
   951 | D:5      | Reached XP level 6. HP: 20/45 MP: 3/13
   977 | D:5      | Reached skill level 5 in Conjurations
   998 | D:5      | Reached XP level 7. HP: 43/50 MP: 9/15
  1049 | D:4      | Reached skill level 5 in Spellcasting
  1256 | D:4      | Reached skill level 1 in Evocations
  1281 | D:4      | Found a glowing golden altar of the Shining One.
  1302 | D:4      | Noticed Blork the orc
  1309 | D:4      | Killed Blork the orc
  1310 | D:4      | Reached XP level 8. HP: 57/57 MP: 7/17
  1636 | D:4      | Found a broken altar of Ashenzari.
  1820 | D:5      | Found a radiant altar of Vehumet.
  1892 | D:5      | Reached skill level 1 in Long Blades
  1926 | D:5      | Became a worshipper of Vehumet
  2137 | D:7      | Found a sand-covered staircase.
  2148 | D:7      | Gained mutation: You passively map the area around you.
                  | [Meteoran growth]
  2148 | D:7      | Reached XP level 9. HP: 28/63 MP: 13/20
  2155 | Ossuary  | Entered an ossuary
  2182 | Ossuary  | Reached * piety under Vehumet
  2182 | Ossuary  | Offered knowledge of Freeze by Vehumet.
  2183 | Ossuary  | Reached skill level 1 in Fighting
  3061 | D:9      | Reached skill level 5 in Dodging
  3061 | D:9      | Reached XP level 10. HP: 51/73 MP: 10/23
  3073 | D:9      | Reached skill level 5 in Long Blades
  3095 | D:9      | Found a bloodstained altar of Trog.
  3106 | D:9      | Reached ** piety under Vehumet
  3133 | D:9      | Offered knowledge of Static Discharge by Vehumet.
  3230 | D:9      | Found a transporter.
  3231 | D:9      | Noticed a kobold demonologist
  3232 | D:9      | Noticed a kobold demonologist
  3234 | D:9      | Noticed a kobold demonologist
  3234 | D:9      | Noticed a kobold demonologist
  3245 | D:9      | Noticed an orc sorcerer
  3251 | D:9      | Found a transporter.
  3263 | D:9      | Noticed a kobold demonologist
  3275 | D:9      | Noticed a smoke demon
  3276 | D:9      | Noticed a smoke demon
  3283 | D:9      | Killed an orc sorcerer
  3283 | D:9      | Killed a kobold demonologist
  3329 | D:9      | Found a staircase to the Lair.
  3339 | Lair:1   | Entered Level 1 of the Lair of Beasts
  3420 | D:9      | Noticed a smoke demon
  3428 | D:9      | Slain by a red devil

Illustrated notes

Levels and vault maps discovered:
D:1:      tarquinn_simple_flora_water_d, layout_loops_cross, serial_forest,
          infiniplex_forest_clump_diagonal, infiniplex_forest_clump_double,
          infiniplex_forest_clump_diagonal, infiniplex_forest_clump_small,
          infiniplex_forest_lined_room_2, infiniplex_forest_straight_4,
          infiniplex_forest_clump_long, infiniplex_forest_clump_small,
          infiniplex_forest_clump_double, infiniplex_forest_straight_2,
          serial_shops, nicolae_shop_hallway_stairs
D:2:      kennysheep_six_static_rooms, layout_basic,
          shapermc_ecumenical_altar_mp_highgroup, serial_shops, shop_fountains,
          minmay_domino_4
D:3:      layout_loops_corners, uniq_grinder
D:4:      layout_basic, nicolae_overflow_crystal_walls,
          mainiacjoe_overflow_alcove_4, uniq_blork_the_orc, uniq_robin
D:5:      layout_cave_pools, amcnicky_altar_gilded, serial_shops,
          nicolae_shop_stone, uniq_crazy_yiuf_cottage
D:6:      layout_gridville, temple_green, serial_shops,
          nicolae_shop_bloodbath_and_beyond, hangedman_decor_riveting,
          uniq_duvessa
D:7:      layout_loops_cross, enter_ossuary_3, uniq_maggie
D:8:      layout_layer_cave
D:9:      gammafunk_wand_slinger, layout_loops_cross, trog_hazing_becter,
          lair_entry_dummy
Lair:1:   dragon1_lemuel, layout_loops_ring, st_stairs_6, grunt_megastairs_3

Skill      XL: |  1  2  3  4  5  6  7  8  9 10 |
---------------+-------------------------------+-----
Fire Magic     | 4 5 7 8 9 |  9.2
Spellcasting   | 4 5 7 8 9 |  9.4
Dodging        | 3 5 |  5.7
Conjurations   | 4 5 6 |  6.6
Evocations     | 3 |  3.0
Long Blades    | 1 4 6 |  6.2
Fighting       | 2 3 |  3.2
Stealth        | |  1.4

Action                   |  1- 3 |  4- 6 |  7- 9 | 10-12 || total
-------------------------+-------+-------+-------+-------++-------
Melee: Unarmed           |     6 |     1 |       |       ||     7
       Long sword        |       |     2 |    58 |    46 ||   106
       Punch             |       |       |     1 |     1 ||     2
 Cast: Foxfire           |    24 |    31 |    35 |     7 ||    97
       Scorch            |     5 |    15 |    29 |     5 ||    54
       Flame Wave        |       |     2 |    12 |     6 ||    20
Evoke: Wand              |       |       |       |     1 ||     1
  Use: Scroll            |       |       |    17 |     2 ||    19
       Potion            |       |       |       |     2 ||     2
Armor: Robe              |     8 |     8 |    51 |    68 ||   135
Dodge: Dodged            |    12 |    11 |    78 |    86 ||   187
